 Dungeon Crawl Stone Soup version 0.18.1-1-g2f07953 (webtiles) character file.

23 imoen the Insei (level 3, -5/19 HPs)
             Began as a Vine Stalker Monk on May 6, 2016.
             Killed by nerve-wracking pain
             ... invoked by Jessica
              (12 damage)
             ... on level 2 of the Dungeon.
             The game lasted 00:06:08 (219 turns).

imoen the Insei (Vine Stalker Monk)                  Turns: 219, Time: 00:06:09

Health: -5/19      AC:  4    Str: 14    XL:     3   Next: 0%
Magic:  0/4        EV: 13    Int: 10    God:
Gold:   27         SH:  0    Dex: 16    Spells: 0 memorised, 2 levels left

rFire  . . .     SeeInvis .       - Unarmed
rCold  . . .     Gourm    .     a - +0 robe
rNeg   . . .     Faith    .     (no shield)
rPois  .         Spirit   +     c - +1 helmet
rElec  .         Dismiss  .     (no cloak)
rCorr  .         Reflect  .     (no gloves)
SustAt .         Harm     .     (no boots)
MR     .....                    (no amulet)
Stlth  ++........               (no ring)
                                (no ring)

@: not resistant to hostile enchantments, unstealthy
A: fangs 2, regeneration 1, magic shield, antimagic bite, no device heal 3, rot
immunity
a: no special abilities


You were on level 2 of the Dungeon.
You were not hungry.

You visited 1 branch of the dungeon, and saw 2 of its levels.

You collected 27 gold pieces.

Inventory:

Armour
 a - a +0 robe (worn)
 c - a +1 helmet (worn)
   (You found it on level 1 of the Dungeon)
Jewellery
 e - an uncursed ring of ice
   (You found it on level 2 of the Dungeon)
Potions
 d - a potion of degeneration {unknown}
Comestibles
 b - a bread ration
 f - a chunk of flesh


   Skills:
 - Level 2.6 Fighting
 - Level 2.4 Dodging
 - Level 2.4 Stealth
 + Level 4.8 Unarmed Combat


You had 2 spell levels left.
You didn't know any spells.

Dungeon Overview and Level Annotations

Branches:
Dungeon (2/15)

Altars:

Annotations:
D:2 Jessica


Innate Abilities, Weirdness & Mutations

You have extremely sharp teeth.
Your natural rate of healing is unusually fast.
When hurt, damage is shared between your health and your magic reserves.
Your bite disrupts and absorbs the magic of your enemies.
Potions and wands cannot restore your health.
You are immune to rotting.


Message History

You barely miss the bat. Your bite misses the bat. The bat closely misses you.
You swing at nothing.
The bat barely misses you.
You swing at nothing.
The bat hits you but does no damage. x2
You punch the bat!
You kill the bat!
The dart slug closely misses you.
You hit the dart slug. You bite the dart slug. You drain its power.
You feel invigorated.
MP restored: 3 You hit the dart slug.
You kill the dart slug!
You swing at nothing.
You open the door.
There is an open door here.
A giant newt comes into view.
There is a stone staircase leading down here.
You climb downwards.
An adder comes into view.
There is a stone staircase leading up here.
Unknown command.
The helpless adder fails to defend itself.
You hit the adder. You bite the adder. You drain its power.
The adder misses you.
You hit the adder. You bite the adder, but do no damage.
The adder closely misses you. The adder bites you.
* * * LOW HITPOINT WARNING * * *
You are poisoned.
The adder poisons you!
You take 1 damage, and have 9/16 hp.
You now have 2/3 mp.
You punch the adder!
You kill the adder!
You feel sick.
MP restored: 3 You see here an adder corpse.
You butcher the adder corpse.
You feel sick.
f - a chunk of flesh You see here an adder skeleton.
You take 1 damage, and have 8/16 hp.
You feel sick.
You take 1 damage, and have 8/16 hp.
You see here 10 gold pieces.
You now have 27 gold pieces (gained 10).
You feel sick.
You take 1 damage, and have 8/16 hp.
The bat hits you but does no damage.
You hit the bat.
You kill the bat!
You have reached level 3!
Your experience leads to an increase in your attributes!
Increase (S)trength, (I)ntelligence, or (D)exterity?
You feel stronger.
You regained 2 hp, and now have 11/19 hp.
MP restored: 4 You feel sick.
You take 1 damage, and have 10/19 hp.
You feel sick.
You are no longer poisoned.
You take 1 damage, and have 10/19 hp.
Jessica the Apprentice Sorceress comes into view.
You see here a garnet ring.
Unknown command.
e - a garnet ring Put on which piece of jewellery? (? for menu, Esc to quit)
You feel more attuned to ice.
e - a ring of ice (left hand) Put on which piece of jewellery? (? for menu, Esc to quit)
You remove your ring of ice.
Jessica shouts!
Put on which piece of jewellery? (? for menu, Esc to quit)
Okay, then.
Jessica gestures at you while chanting. Pain shoots through your body!
* * * LOW HITPOINT WARNING * * *
You take 8 damage, and have 4/19 hp.
MASSIVE DAMAGE!!
You now have 1/4 mp.
Unknown command.
Unknown command.
Jessica mumbles some strange words.
Jessica blinks!
Unknown command.
Unknown command.
Unknown command.
Unknown command.
Jessica casts a spell.
Jessica blinks!
You are too injured to fight recklessly!
Unknown command.
Jessica hits you.
* * * LOW HITPOINT WARNING * * *
You take 2 damage, and have 7/19 hp.
You now have 1/4 mp.
Unknown command.
You barely miss Jessica. You bite Jessica, but do no damage.
Jessica barely misses you.
Unknown command.
The quokka misses you.
Jessica points at you and mumbles some strange words.
Pain shoots through your body!
Ouch! That really hurt!
You die...

.b. ..# ....# ..##
......####### .. ...
........<.r..# ..
#..........#####.. .
#.##.....(...# ##. .###K
#..#.......... ##
.....####...........# ##..
.........@@#.#......#..#..
........##r#.#.....(......
######..##...#...........
##..##............
#...#w#...>..<...
#รท#.#.##.........
#.<.#.##.....>...
##..#.##.....$...
##...##.........


You could see a worm, Jessica and a quokka.

Vanquished Creatures
  An adder (D:2)
  A dart slug (D:1)
  A giant gecko (D:1)
  2 bats
  3 hobgoblins
  A kobold (D:1)
  2 giant newts (D:2)
  A rat (D:1)
12 creatures vanquished.

Notes
Turn   | Place    | Note
--------------------------------------------------------------
     0 | D:1      | imoen the Vine Stalker Monk began the quest for the Orb.
     0 | D:1      | Reached XP level 1. HP: 11/11 MP: 2/2
    90 | D:2      | HP: 2/11 [rat (2)]
   121 | D:1      | Reached XP level 2. HP: 7/16 MP: 1/3
   125 | D:1      | HP: 2/16 [hobgoblin/club (6)]
   134 | D:1      | HP: 2/16 [hobgoblin/club (3)]
   184 | D:2      | Reached XP level 3. HP: 10/19 MP: 4/4
   192 | D:2      | Noticed Jessica
   197 | D:2      | HP: 4/19 [Jessica/nerve-wracking pain (8)]
   219 | D:2      | Killed from afar by Jessica

Action                   || total
-------------------------++-------
Melee: Unarmed           ||    45
       Bite              ||    12
  Use: Scroll            ||     2
 Stab: Sleeping          ||     2
Armor: Robe              ||     6
Dodge: Dodged            ||    46

Vault maps used:
D:1:      dpeg_arrival_more_subterranean_lakeside_camping
D:2:      nicolae_overflow_crystal_walls, lemuel_zombie_altar_kikubaaqudgha,
          first_bread, uniq_jessica

Table legend:
 A = Turns spent in this place as a percentage of turns spent in the entire game.
 B = Non-inter-level travel turns spent in this place as a percentage of non-inter-level travel turns spent in the entire game.
 C = Inter-level travel turns spent in this place as a percentage of turns spent in this place.
 D = Turns resting spent in this place as a percentage of non-inter-level travel turns spent in this place.
 E = Turns spent auto-exploring this place as a percentage of non-inter-level travel turns spent in this place.
 F = Non-inter-level travel turns spent in this place divided by the number of levels of this place that you've seen.
                   A       B       C       D       E      F
               +-------+-------+-------+-------+-------+----------------------
         Total | 100.0 | 100.0 |   0.0 |   0.0 |   0.0 | 123.5
       Dungeon | 100.0 | 100.0 |   0.0 |   0.0 |   0.0 | 123.5
               +-------+-------+-------+-------+-------+----------------------

Table legend:
 A = Kills in this place as a percentage of kills in entire the game.
 B = Kills by you in this place as a percentage of kills by you in the entire game.
 C = Kills by friends in this place as a percentage of kills by friends in the entire game.
 D = Other kills in this place as a percentage of other kills in the entire game.
 E = Experience gained in this place as a percentage of experience gained in the entire game.
 F = Experience gained in this place divided by the number of levels of this place that you have seen.
                   A       B       C       D       E      F
               +-------+-------+-------+-------+-------+----------------------
         Total | 100.0 | 100.0 |  -nan |  -nan | 100.0 |  17.0
       Dungeon | 100.0 | 100.0 |  -nan |  -nan | 100.0 |  17.0
               +-------+-------+-------+-------+-------+----------------------
